 Dungeon Crawl Stone Soup version 0.31.0-1-g2c135a0 (webtiles) character file.

Game seed: 3232921209743600092

26 smazza the Digger (level 2, -1/24 HPs)
             Began as a Troll Earth Elementalist on Mar 29, 2024.
             Killed from afar by a dart slug (5 damage)
             ... with a slug dart
             ... on level 2 of the Dungeon.
             The game lasted 00:04:05 (600 turns).

smazza the Digger (Troll Earth Elementalist)         Turns: 600, Time: 00:04:06

Health: -1/24      AC:  4    Str: 15    XL:     2   Next: 89%
Magic:  3/3        EV:  9    Int: 11    God:
Gold:   84         SH:  0    Dex: 10    Spells: 3/4 levels left

rFire   . . .        (no weapon)
rCold   . . .        (no shield)
rNeg    . . .        a - +0 robe
rPois   .            (helmet restricted)
rElec   .            (no cloak)
rCorr   .            (gloves unavailable)
SInv    .            (boots unavailable)
Will    .....        (no amulet)
Stlth   +            (no ring)
HPRegen 1.04/turn    (no ring)
MPRegen 0.08/turn

%: no passive effects
@: confused, mighty
A: large, unfitting armour, claws 3, regeneration 1, shaggy fur 1, tough skin 1
a: no special abilities


You were on level 2 of the Dungeon.
You visited 1 branch of the dungeon, and saw 2 of its levels.

You collected 84 gold pieces.

Inventory:

Armour
 a - a +0 robe (worn)
Scrolls
 c - a scroll of fear {unknown}
 f - a scroll of blinking {unknown}
 g - a scroll of identify {unknown}
Potions
 b - a potion of magic


   Skills:
 - Level 1.5 Dodging
 - Level 1.0 Stealth
 + Level 0.9 Unarmed Combat
 * Level 1.5 Spellcasting
 * Level 1.2 Conjurations
 * Level 3.0 Earth Magic


You had 3 spell levels left.
You knew the following spells:

 Your Spells              Type           Power      Damage    Failure   Level
a - Sandblast             Erth           14%        2d6       9%          1

Your spell library contained the following spells:

 Spells                   Type           Power      Damage    Failure   Level
 Passwall                 Erth           7%         N/A       26%         3
 Stone Arrow              Conj/Erth      10%        3d7       36%         3
 Brom's Barrelling Bould  Conj/Erth      5%         2d3       77%         4
 Petrify                  Alch/Erth      4%         N/A       86%         4


Dungeon Overview and Level Annotations

Branches:
Dungeon (2/15)

Altars:

Annotations:
D:2 Sigmund


Innate Abilities, Weirdness & Mutations

You are too large for most types of armour.
You have claws for hands.
Your natural rate of healing is unusually fast.
You are covered in fur. (AC +1)
You have tough skin. (AC +1)


Message History

Sigmund flickers, as though insubstantial.
Sigmund barely misses you.
You barely miss Sigmund.
Sigmund is heavily wounded.
The dart slug launches a dart at you.
The slug dart hits you but does no damage.
You barely miss Sigmund.
Sigmund is heavily wounded.
Sigmund hits you with a +0 scythe!
The dart slug bites you but does no damage.
You barely miss Sigmund.
Sigmund is heavily wounded.
The frilled lizard hisses angrily.
Sigmund casts a spell at you. You resist with significant effort.
You barely miss Sigmund.
Sigmund is heavily wounded.
The dart slug launches a dart at you. The slug dart hits you.
Sigmund gestures at you while chanting.
You are confused.
Okay, then.
You miss Sigmund.
Sigmund is heavily wounded.
Sigmund hits you with a +0 scythe!
* * * LOW HITPOINT WARNING * * *
The dart slug closely misses you.
You miss Sigmund.
Sigmund is heavily wounded.
You bump into the rock wall.
Sigmund casts a spell at you. The magic dart hits you.
* * * LOW HITPOINT WARNING * * *
The dart slug bites you but does no damage.
You claw Sigmund!
Sigmund is almost dead.
Sigmund barely misses you. The dart slug launches a dart at you.
The slug dart hits you.
You die...

~...##..### ~.........##
.. ............# ..
..........# .# #.
#...##..#.# .# #.
#...##..#.# .#. #
##.###..#.# #.###.# .#.#
#..#.#####..w..##..
#..###.........$@@l.)...
#...............######.#
#...........###.#
.............##.#
#######.....###.#
#.#........#
##.#.####### #####


You could see Sigmund, a dart slug and a frilled lizard.

Vanquished Creatures
  4 endoplasms
  2 giant cockroaches (D:1)
  A goblin (D:2)
  2 hobgoblins
  A kobold (D:1)
  3 quokkas (D:1)
  4 ball pythons (D:1)
  2 bats (D:1)
  2 frilled lizards (D:1)
  A rat (D:2)
22 creatures vanquished.

Notes
Turn   | Place    | Note
-------+----------+-------------------------------------------
     0 | D:1      | smazza the Troll Earth Elementalist began the quest for the
                  | Orb.
     0 | D:1      | Reached XP level 1. HP: 16/16 MP: 1/1
   185 | D:1      | Reached skill level 1 in Conjurations
   185 | D:1      | Reached XP level 2. HP: 24/24 MP: 3/3
   423 | D:1      | Reached skill level 3 in Earth Magic
   483 | D:2      | Found a faded altar of an unknown god.
   578 | D:2      | Noticed Sigmund
   600 | D:2      | Killed from afar by a dart slug

Illustrated notes

Levels and vault maps discovered:
D:1:      minmay_arrival_split_and_join, layout_rooms
D:2:      layout_loops_ring, hellmonk_ecumenical_altar_pennies_from_heaven,
          basic_altar, uniq_sigmund

Skill      XL: |  1  2 |
---------------+-------+-----
Conjurations   | 1 |  1.2
Earth Magic    | 3 |  3.0
Dodging        | |  1.5
Stealth        | |  1.0
Unarmed Combat | |  0.9
Spellcasting   | |  1.5

Action                     || total
---------------------------++-------
  Melee: Unarmed           ||    69
    Use: Potion            ||     2
 Armour: Robe              ||    39
  Dodge: Dodged            ||    24
